 Dungeon Crawl Stone Soup version 0.30.0-19-g36f170ea60 (webtiles) character file.

Game seed: 11137613121174048497

2 tizbic2 the Grasshopper (level 1, -2/19 HPs)
             Began as a Naga Warper on May 27, 2023.
             Slain by a hobgoblin (5 damage)
             ... on level 1 of the Dungeon.
             The game lasted 00:00:56 (106 turns).

tizbic2 the Grasshopper (Naga Warper)                Turns: 106, Time: 00:00:57

Health: -2/19      AC:  1    Str: 13    XL:     1   Next: 40%
Magic:  3/3        EV:  9    Int: 13    God:
Gold:   18         SH:  0    Dex: 10    Spells: 4/4 levels left

rFire   . . .        a - +0 spear
rCold   . . .        (no shield)
rNeg    . . .        b - +0 leather armour
rPois   +            (no helmet)
rElec   .            (no cloak)
rCorr   .            (no gloves)
SInv    +            (no barding)
Will    .....        (no amulet)
Stlth   +            (no ring)
HPRegen 0.23/turn    (no ring)
MPRegen 0.08/turn

%: no passive effects
@: very slow
A: AC +0, large, see invisible, deformed body, poison resistance, slowness 2,
spit poison 1, naga tail 1
a: Spit Poison


You were on level 1 of the Dungeon.
You visited 1 branch of the dungeon, and saw 1 of its levels.

You collected 18 gold pieces.

Inventory:

Hand Weapons
 a - a +0 spear (weapon)
Missiles
 d - 3 boomerangs of dispersal (quivered)
Armour
 b - a +0 leather armour (worn)
Scrolls
 c - a scroll of blinking
 e - a scroll of amnesia {unknown}


   Skills:
 + Level 2.0 Fighting
 * Level 2.0 Polearms
 + Level 0.8 Throwing
 * Level 0.9 Armour
 + Level 1.5 Dodging
 + Level 2.0 Spellcasting
 * Level 0.1 Summonings
 + Level 3.0 Translocations


You had 4 spell levels left.
You didn't know any spells.
Your spell library contained the following spells:

 Spells                   Type           Power      Damage    Failure   Level
 Blink                    Tloc           18%        N/A       14%         2
 Lesser Beckoning         Tloc           18%        N/A       14%         2
 Teleport Other           Tloc           9%         N/A       28%         3
 Summon Small Mammal      Summ           4%         N/A       30%         1
 Vhi's Electric Charge    Tloc/Air       10%        N/A       45%         3
 Call Canine Familiar     Summ           1%         N/A       67%         3
 Summon Guardian Golem    Hex/Summ       1%         N/A       67%         3
 Manifold Assault         Tloc           9%         N/A       67%         4


Dungeon Overview and Level Annotations

Branches:
Dungeon (1/15)

Altars:


Innate Abilities, Weirdness & Mutations

Your serpentine skin is tough. (AC +0)
You have supernaturally acute eyesight. (SInv)
Armour fits poorly on your strangely shaped body.
Your system is resistant to poisons. (rPois)
You cover ground very slowly.
You can spit poison.
You have a snake-like lower body.


Message History

Aiming: Spit Poison (3% risk of failure)
Press: ? - help, Shift-Dir - straight line, f/p - kobold
Aim: a kobold, wielding a +0 short sword and quivering stones (moderately wounded, 43% to hit)
The splash of poison hits the kobold.
The kobold is poisoned.
You kill the kobold!
A hobgoblin comes into view.
A hobgoblin comes into view.
The hobgoblin shouts! x2
You have got your breath back.
The hobgoblin hits you.
* * * LOW HITPOINT WARNING * * *
The hobgoblin barely misses you.
You aren't carrying any potions.
Throw: 7 boomerangs (disperse)
Press: ? - help, Q - select action, (/) - cycle Shift-Dir - straight line, f - hobgoblin
Aim: a hobgoblin (56% to hit)
You throw a boomerang of dispersal.
The boomerang of dispersal hits the hobgoblin and shatters for extra damage.
The hobgoblin blinks!
The hobgoblin is moderately wounded.
The hobgoblin barely misses you.
Throw: 6 boomerangs (disperse)
Press: ? - help, Q - select action, (/) - cycle Shift-Dir - straight line, f - hobgoblin, p - hobgoblin
Aim: a hobgoblin (56% to hit)
You throw a boomerang of dispersal.
The boomerang of dispersal hits the hobgoblin and shatters, but does no damage.
The hobgoblin hits you but does no damage.
Throw: 5 boomerangs (disperse)
Press: ? - help, Q - select action, (/) - cycle Shift-Dir - straight line, f/p - hobgoblin
Aim: a hobgoblin (56% to hit)
You throw a boomerang of dispersal.
The boomerang of dispersal hits the hobgoblin and shatters, but does no damage.
The hobgoblin closely misses you.
Throw: 4 boomerangs (disperse)
Press: ? - help, Q - select action, (/) - cycle Shift-Dir - straight line, f/p - hobgoblin
Aim: a hobgoblin (56% to hit)
You throw a boomerang of dispersal.
The boomerang of dispersal closely misses the hobgoblin.
The hobgoblin hits you.
You die...

######### .#
........# .#
........# ##.#
........# ...#
........# #..#
........## #..#
.........##.#####..#
...........>..g.@(#
........#########g# #
................#.#
.#
...##...........#.#
#. ...
#...........#.# . ..
#...........#)#.#####
#...........#.#......
#....................
############.........


You could see 2 hobgoblins.

Vanquished Creatures
  A hobgoblin (D:1)
  A kobold (D:1)
2 creatures vanquished.

Notes
Turn   | Place    | Note
-------+----------+-------------------------------------------
     0 | D:1      | tizbic2 the Naga Warper began the quest for the Orb.
     0 | D:1      | Reached XP level 1. HP: 19/19 MP: 3/3
   106 | D:1      | Slain by a hobgoblin

Illustrated notes

Levels and vault maps discovered:
D:1:      lightli_molten_gateway, layout_basic,
          dreamdust_ecumenical_altar_angels_and_demons

Action                     || total
---------------------------++-------
  Melee: Spear             ||     9
  Throw: Boomerang         ||     4
Ability: Spit Poison       ||     3
 Armour: Leather armour    ||     1
  Dodge: Dodged            ||     9
